 Dungeon Crawl Stone Soup version 0.22-a0-136-g83a10e5 (webtiles) character file.

71 varam the Firebug (level 4, -1/30 HPs)
             Began as a Demonspawn Fire Elementalist on Feb 3, 2018.
             Was an Initiate of Vehumet.
             Slain by an orc (2 damage)
             ... on level 4 of the Dungeon.
             The game lasted 00:06:51 (2542 turns).

varam the Firebug (Demonspawn Fire Elementalist)    Turns: 2542, Time: 00:06:51

Health: -1/30      AC: -1    Str:  8    XL:     4   Next: 5%
Magic:  7/7        EV: 12    Int: 18    God:    Vehumet [......]
Gold:   148        SH:  0    Dex: 13    Spells: 4/7 levels left

rFire    . . .     SeeInvis .   e - -2 spear (curse)
rCold    . . .     Gourm    .   (no shield)
rNeg     . . .     Faith    .   a - +0 robe
rPois    .         Spirit   .   (helmet restricted)
rElec    .         Reflect  .   j - +1 cloak
rCorr    .         Harm     .   (no gloves)
MR       .....                  (no boots)
Stlth    ++........             f - amulet of rage
HPRegen  0.10/turn              l - -5 ring of protection (curse)
MPRegen  0.10/turn              m - +2 ring of slaying

@: no status effects
A: horns 1, demonic guardian 1
a: Renounce Religion, Evoke Berserk Rage


You were on level 4 of the Dungeon.
You worshipped Vehumet.
Vehumet was noncommittal.
You were not hungry.

You visited 1 branch of the dungeon, and saw 4 of its levels.

You collected 148 gold pieces.

Inventory:

Hand Weapons
 e - a cursed -2 spear (weapon)
 p - a +0 dagger of venom
Missiles
 o - 23 stones (quivered)
Armour
 a - a +0 robe (worn)
 g - a +0 helmet
 j - a +1 cloak (worn)
Jewellery
 f - an amulet of rage (around neck)
 l - a cursed -5 ring of protection (left hand)
 m - a +2 ring of slaying (right hand)
Scrolls
 d - a scroll of random uselessness
Potions
 h - 2 potions of curing
 i - a potion of brilliance
 k - 2 potions of heal wounds {unknown}
 q - a potion of haste {unknown}
Books
 b - a book of Flames

   Spells                             Type                      Level
   a - Flame Tongue                   Conjuration/Fire             1
   b - Throw Flame                    Conjuration/Fire             2
   c - Conjure Flame                  Conjuration/Fire             3
   d - Inner Flame                    Hexes/Fire                   3
   e - Sticky Flame                   Conjuration/Fire             4
   f - Fireball                       Conjuration/Fire             5
Comestibles
 c - 6 rations
 n - 2 chunks of flesh


   Skills:
 - Level 1.7 Dodging
 - Level 1.7 Stealth
 - Level 2.0 Spellcasting
 * Level 3.2 Conjurations
 + Level 3.4 Fire Magic


You had 4 spell levels left.
You knew the following spells:

 Your Spells              Type           Power        Failure   Level  Hunger
a - Flame Tongue          Conj/Fire      ##...        4%          1    #......
b - Throw Flame           Conj/Fire      ##....       7%          2    ###....


Dungeon Overview and Level Annotations

Branches:
Dungeon (3/15)

Altars:
Vehumet

Annotations:
D:4 sankara's ghost, novice DrTm


Innate Abilities, Weirdness & Mutations

You have a pair of small horns on your head.
A weak demonic guardian rushes to your aid.


Message History

An orc comes into view.
The orc shouts!
An orc priest comes into view.
It is wielding a falchion of distortion.
The orc priest shouts!
An orc priest comes into view.
The orc priest shouts!
The orc priest hits you with a falchion of distortion.
Space bends around you. The orc closely misses you. The orc priest hits you.
You open the door. The orc barely misses you. The orc closely misses you.
The orc priest calls down the wrath of Beogh upon you.
Beogh smites you!
Okay, then.
As you read the scroll of random uselessness, it crumbles to dust.
The dust glows bright grey!
The orc priest mumbles some strange prayers to Beogh against you.
Beogh smites you!
* * * LOW HITPOINT WARNING * * *
The orc priest closely misses you. The orc hits you.
You die...

##### #...# #...#
####.o.#####
#..5@oW'....
#.##oo.#####
#...# #####
######
###....######+###
#..............<#
.................
#.#....####......


You could see 2 orc priests, sankara's ghost, 2 orcs and a friendly white imp.

Vanquished Creatures
  Crazy Yiuf (D:2)
  2 leopard geckos
  3 giant cockroaches
  8 goblins
  7 hobgoblins
  A jackal (D:3)
  2 quokkas (D:2)
  3 bats
  3 frilled lizards
  10 kobolds
  9 rats
49 creatures vanquished.

Notes
Turn   | Place    | Note
-------+----------+-------------------------------------------
     0 | D:1      | varam the Demonspawn Fire Elementalist began the quest for the Orb.
     0 | D:1      | Reached XP level 1. HP: 13/13 MP: 3/3
   217 | D:1      | Gained mutation: A weak demonic guardian rushes to your aid. [demonic ancestry]
   217 | D:1      | Reached XP level 2. HP: 18/19 MP: 0/5
   334 | D:1      | Reached skill level 2 in Conjurations
   562 | D:1      | Reached skill level 3 in Fire Magic
   809 | D:1      | Learned a level 2 spell: Throw Flame
  1405 | D:2      | Gained mutation: You have a pair of small horns on your head. [demonic ancestry]
  1405 | D:2      | Reached XP level 3. HP: 23/24 MP: 4/6
  1750 | D:2      | Found a runed door.
  1754 | D:2      | Noticed Crazy Yiuf
  1791 | D:2      | Killed Crazy Yiuf
  1791 | D:2      | Reached skill level 3 in Conjurations
  2263 | D:3      | Found a radiant altar of Vehumet.
  2323 | D:3      | Became a worshipper of Vehumet
  2379 | D:3      | Reached XP level 4. HP: 30/30 MP: 3/7
  2529 | D:3      | You fall through a shaft!
  2540 | D:4      | Noticed sankara's ghost (novice DrTm)
  2542 | D:4      | HP: 1/30 [orc priest/divine providence (11)]
  2542 | D:4      | Slain by an orc

Vault maps used:
D:1:      lightli_arrival_windingriver, hangedman_decor_diamond_cutter
D:2:      serial_co_window_serial, co_window_paths_a, co_window_paths_b,
          co_window_paths_a, co_window_paths_a, co_window_paths_b,
          co_window_2corner, co_window_corner_ca, co_window_broadway_c,
          co_window_2corner, uniq_crazy_yiuf_cottage
D:3:      vehumet_crystals, minmay_item_behind_shaft, eino_curves_03,
          elyvilon_altar_4
D:4:      nicolae_overflow_hidden_temple, feat_on_display

Skill      XL: |  1  2  3 |
---------------+----------+-----
Conjurations   | 2 3 |  3.2
Fire Magic     | 3 |  3.4
Dodging        | |  1.7
Stealth        | |  1.7
Spellcasting   | |  2.0

Action                   |  1- 3 |  4- 6 || total
-------------------------+-------+-------++-------
Melee: Spear             |    53 |     8 ||    61
       Headbutt          |     1 |       ||     1
 Cast: Flame Tongue      |    55 |     4 ||    59
       Throw Flame       |     8 |     1 ||     9
  Use: Scroll            |     5 |     2 ||     7
 Stab: Sleeping          |     1 |       ||     1
  Eat: Chunk             |     3 |       ||     3
       Ration            |     1 |       ||     1
Armor: Robe              |    17 |       ||    17
Dodge: Dodged            |    53 |    12 ||    65

Table legend:
 A = Spawn XP
 B = Non-spawn XP
 C = Spawn XP percentage of total XP
 D = Spawn monster count
 E = Non-spawn monster count
 F = Spawn count percentage of total count
 G = Total turns spent on level
                    A         B        C        D         E        F      G
               +---------+---------+-------+---------+---------+-------+---------
         Total |       0 |     102 |   0.0 |       0 |      49 |   0.0 |  2542
               +---------+---------+-------+---------+---------+-------+---------
           D:1 |       0 |      28 |   0.0 |       0 |      22 |   0.0 |   976
           D:2 |       0 |      58 |   0.0 |       0 |      17 |   0.0 |  1385
           D:3 |       0 |      16 |   0.0 |       0 |      10 |   0.0 |   168
               +---------+---------+-------+---------+---------+-------+---------
